 Dungeon Crawl Stone Soup version 0.17-a0-1951-g62301d3 (webtiles) character file.

2871 Kuldar the Thaumaturge (level 9, -20/45 HPs)
             Began as a Deep Elf Wizard on Oct 3, 2015.
             Was an Initiate of Vehumet.
             Killed from afar by a wight (26 damage)
             ... with a wand of lightning
             ... on level 7 of the Dungeon.
             The game lasted 00:24:31 (6935 turns).

Kuldar the Thaumaturge (Deep Elf Wizard)            Turns: 6935, Time: 00:24:31

Health: -20/45     AC:  4    Str:  4    XL:     9   Next: 47%
Magic:  6/25       EV: 12    Int: 27    God:    Vehumet [......]
Gold:   364        SH:  0    Dex: 13    Spells: 5 memorised, 17 levels left

rFire  . . .     SeeInvis .     l - +0 dagger (freeze)
rCold  . . .     Clarity  .     a - +0 robe
rNeg   . . .     SustAt   .     (no shield)
rPois  .         Gourm    .     b - +0 hat
rElec  .         Spirit   .     (no cloak)
rCorr  .         Warding  .     B - +0 pair of gloves
rMut   .         Stasis   .     (no boots)
MR     .....                    (no amulet)
Stlth  ++........               (no ring)
                                (no ring)

@: repel missiles, not resistant to hostile enchantments, unstealthy
A: shaggy fur 1, spit poison 1
a: Spit Poison, Renounce Religion


You were on level 7 of the Dungeon.
You worshipped Vehumet.
Vehumet was noncommittal.
You were not hungry.

You visited 2 branches of the dungeon, and saw 8 of its levels.
You also visited: Ossuary.

You collected 364 gold pieces.

Inventory:

Hand weapons
 l - a +0 dagger of freezing (weapon)
 u - a +0 blowgun
 N - a +1 dagger of holy wrath
Missiles
 t - 63 poisoned needles
Armour
 a - a +0 robe (worn)
 b - a +0 hat (worn)
 B - a +0 pair of gloves (worn)
Jewellery
 e - an uncursed ring of stealth {unknown}
 h - an uncursed amulet of resist mutation {unknown}
 x - an uncursed ring of protection from cold {unknown}
 G - an uncursed ring of stealth {unknown}
Magical devices
 z - a wand of magic darts (24)
 E - a wand of slowing (31)
 O - a wand of digging (13)
Scrolls
 i - 4 scrolls of identify {unknown}
 k - 9 scrolls of remove curse {unknown}
 m - 2 scrolls of teleportation {unknown}
 o - 3 scrolls of enchant weapon {unknown}
 p - 2 scrolls of blinking {unknown}
 r - 2 scrolls of recharging {unknown}
 s - a scroll of fear {unknown}
 y - 2 scrolls of random uselessness {unknown}
 D - a scroll of noise {unknown}
 J - a scroll of magic mapping {unknown}
Potions
 f - 2 potions of resistance {unknown}
 j - 2 potions of flight
 n - a potion of brilliance {unknown}
 v - a potion of agility {unknown}
 A - a potion of haste {unknown}
 C - a potion of might {unknown}
 F - a potion of ambrosia
 H - a potion of cure mutation {unknown}
 I - a potion of poison {unknown}
 K - a potion of curing {unknown}
 L - 2 potions of heal wounds
Books
 c - a book of Minor Magic

   Spells                             Type                      Level
   a - Magic Dart                     Conjuration                  1
   b - Blink                          Translocation                2
   c - Call Imp                       Summoning                    2
   d - Repel Missiles                 Charms/Air                   2
   e - Slow                           Hexes                        2
   f - Conjure Flame                  Conjuration/Fire             3
   g - Mephitic Cloud                 Conjuration/Poison/Air       3
Comestibles
 d - 5 bread rations
 g - 3 fruits
 q - 4 beef jerkies
 w - 5 meat rations
 M - 4 chunks of flesh


   Skills:
 - Level 2.4 Dodging
 - Level 2.4 Stealth
 * Level 10.3 Spellcasting
 * Level 7.8 Conjurations
   Level 1.1 Summonings
 + Level 4.6 Translocations
 + Level 4.7 Fire Magic
 + Level 3.6 Air Magic
 + Level 4.2 Poison Magic


You had 17 spell levels left.
You knew the following spells:

 Your Spells              Type           Power        Failure   Level  Hunger
a - Magic Dart            Conj           ####         1%          1    None
b - Blink                 Tloc           N/A          1%          2    None
c - Repel Missiles        Chrm/Air       ###...       3%          2    None
e - Conjure Flame         Conj/Fire      #####...     1%          3    None
h - Mephitic Cloud        Conj/Pois/Air  #####...     1%          3    None


Dungeon Overview and Level Annotations

Branches:
Dungeon (7/15)             Temple (1/1) D:4

Altars:
Ashenzari
Cheibriados
Dithmenos
Elyvilon
Fedhas
Gozag
Kikubaaqudgha
Makhleb
Nemelex Xobeh
Okawaru
Qazlal
Ru
Sif Muna
Trog
Vehumet
Xom
Yredelemnul
Zin
The Shining One

Shops:
D:5 %


Innate Abilities, Weirdness & Mutations

You are covered in fur (AC +1).
You can spit weak poison.


Message History

Aiming: Magic Dart
Press: ? - help, Shift-Dir - straight line, f/p - wight
Aim: a wight, wielding a battleaxe of freezing and wearing a robe The magic dart hits the wight.
The wight is lightly damaged.
The wight throws a stone.
The stone closely misses you.
Casting: Magic Dart
Confirm with . or Enter, or press ? or * to list all spells.
Aiming: Magic Dart
Press: ? - help, Shift-Dir - straight line, f/p - wight
Aim: a wight, wielding a battleaxe of freezing and wearing a robe (lightly damaged)
The magic dart hits the wight.
The wight is lightly damaged.
The wight zaps a wand.
The bolt of lightning hits the wight.
The wight is destroyed!
The bolt of lightning hits you!
* * * LOW HITPOINT WARNING * * *
The bolt of lightning hits you!
Ouch! That really hurt!
You die...

..' .... #.# .... #' #.#
....# ..##># ....#
##+##..).#......
##..##.##.#......
#...##.##.+......#
#.........#......
#'###...@#.....#
##..##....#.....## ..##
#..z')....#..(...# ....#
#..z#.....#.)....# ....#
##..########.##(#####...#
##.(########÷##.##.##...#
#.((.(..§§zz.......#....#
##.#....###z.##.##.'....#
##########+###÷##.#....#


You could see 2 wights.

Vanquished Creatures
  Prince Ribbit (D:6)
  2 hippogriffs (D:7)
  An orc warrior (D:7)
  2 sky beasts
  2 phantoms
  4 ogres
  2 ice beasts (D:5)
  3 elf zombies (Ossuary)
  A giant frog (D:7)
  A scorpion (D:6)
  A wight (D:7)
  4 crimson imps
  A centaur skeleton (D:6)
  8 centaur zombies
  3 orc priests
  A giant frog zombie (D:5)
  A hound (D:6)
  2 human zombies (Ossuary)
  4 worker ants
  An iguana (D:5)
  3 orc wizards
  A hound zombie (D:7)
  4 mummies
  The ghost of Ordine the Sneak, a weakling SpEn (D:4)
  3 gnolls (D:5)
  9 adders
  An adder skeleton (D:4)
  An adder zombie (D:6)
  2 worms
  6 giant geckos
  22 orcs
  10 goblins
  6 hobgoblins
  7 jackals
  7 bats
  3 giant cockroaches
  6 giant newts
  8 kobolds
  3 quokkas
  7 rats
155 creatures vanquished.

Vanquished Creatures (others)
  An ogre (D:5)
  A wight (D:7)
  A jelly (D:5)
  A worm (D:5)
  A giant cockroach (D:5)
  2 giant newts (D:5)
7 creatures vanquished.

Grand Total: 162 creatures vanquished

Notes
Turn   | Place    | Note
--------------------------------------------------------------
     0 | D:1      | Kuldar the Deep Elf Wizard began the quest for the Orb.
     0 | D:1      | Reached XP level 1. HP: 10/10 MP: 7/7
   257 | D:1      | Reached XP level 2. HP: 9/15 MP: 0/9
   661 | D:1      | Reached skill level 5 in Spellcasting
  1080 | D:2      | Reached XP level 3. HP: 19/19 MP: 9/11
  1093 | D:2      | Learned a level 2 spell: Blink
  1096 | D:2      | Learned a level 2 spell: Repel Missiles
  1100 | D:2      | Learned a level 3 spell: Mephitic Cloud
  1104 | D:2      | Learned a level 3 spell: Conjure Flame
  1954 | D:3      | Found a faded altar to an unknown god.
  2220 | D:3      | Noticed a phantom
  2292 | D:3      | Killed a phantom
  2292 | D:3      | Reached skill level 6 in Spellcasting
  2292 | D:3      | Reached XP level 4. HP: 11/24 MP: 0/14
  2292 | D:3      | Reached XP level 5. HP: 12/28 MP: 0/16
  2955 | D:4      | Noticed an ogre
  2967 | D:4      | Killed an ogre
  2967 | D:4      | Reached skill level 1 in Fire Magic
  2967 | D:4      | Reached XP level 6. HP: 32/32 MP: 3/17
  3117 | D:4      | Reached skill level 1 in Air Magic
  3208 | D:4      | Noticed Ordine's ghost (weakling SpEn)
  3214 | D:4      | Killed Ordine's ghost
  3214 | D:4      | Reached skill level 7 in Spellcasting
  3403 | D:4      | Found a staircase to the Ecumenical Temple.
  3414 | Temple   | Entered the Ecumenical Temple
  3436 | D:4      | Reached skill level 1 in Poison Magic
  3632 | D:4      | Found an ancient bone altar of Kikubaaqudgha.
  3648 | D:4      | Noticed a phantom
  3666 | D:4      | Killed a phantom
  3787 | D:4      | Noticed an ogre
  3791 | D:4      | Killed an ogre
  3791 | D:4      | Reached XP level 7. HP: 36/36 MP: 11/20
  3863 | D:4      | Noticed an ogre
  3872 | D:4      | Killed an ogre
  3872 | D:4      | Reached skill level 5 in Conjurations
  4045 | D:5      | Entered Level 5 of the Dungeon
  4094 | D:5      | Found Betrigu's Food Shop.
  4168 | D:5      | Found a shimmering altar of Xom.
  4189 | D:5      | Reached skill level 8 in Spellcasting
  4916 | D:5      | Reached XP level 8. HP: 41/41 MP: 9/22
  5111 | D:6      | Noticed Prince Ribbit
  5410 | D:6      | Found a shadowy altar of Dithmenos.
  5501 | D:6      | Reached skill level 9 in Spellcasting
  5753 | D:6      | Found an opulent altar of Gozag.
  5872 | D:6      | Killed Prince Ribbit
  5910 | D:6      | Found a sacrificial altar of Ru.
  5948 | D:6      | Found a sparkling altar of Nemelex Xobeh.
  5951 | D:6      | Found a deep blue altar of Sif Muna.
  5951 | D:6      | Found a white marble altar of Elyvilon.
  5952 | D:6      | Found a bloodstained altar of Trog.
  6126 | D:7      | Found a sand-covered staircase.
  6192 | Ossuary  | Entered an ossuary
  6363 | Ossuary  | Reached XP level 9. HP: 27/45 MP: 19/24
  6610 | D:7      | Found a radiant altar of Vehumet.
  6632 | D:7      | Became a worshipper of Vehumet
  6680 | D:7      | Reached skill level 10 in Spellcasting
  6812 | D:7      | Gained mutation: You are covered in fur (AC +1). [mutagenic meat]
  6813 | D:7      | Gained mutation: You can spit weak poison. [mutagenic meat]
  6935 | D:7      | Killed from afar by a wight

Vault maps used:
D:1:      lightli_arrival_isolated_outpost
D:3:      ecumenical_altar_1
D:4:      kiku_gazebo_pond_becter, minmay_temple_entry_statues_pillars,
          first_bread
D:5:      serial_shops, kennysheep_little_box, xom_confusion_cloud
D:6:      nicolae_ru_path_of_blood, grunt_temple_overflow_open,
          overflow_temple_1_default, kennysheep_mini_moat, amalloy_card_club,
          uniq_prince_ribbit1
D:7:      lemuel_doored_altar, basic_altar, gup_ossuary_entry_pyramid
Temple:   nicolae_temple_no_exploring_needed
Ossuary:  ossuary_minmay_four_chambers

Action                   |  1- 3 |  4- 6 |  7- 9 || total
-------------------------+-------+-------+-------++-------
Melee: Unarmed           |     3 |       |       ||     3
       Dagger            |     4 |     6 |    52 ||    62
 Cast: Magic Dart        |   117 |    97 |   300 ||   514
       Mephitic Cloud    |       |     1 |     6 ||     7
       Conjure Flame     |       |     3 |    26 ||    29
       Blink             |       |     2 |     1 ||     3
       Repel Missiles    |       |       |     1 ||     1
  Use: Potion            |       |       |     2 ||     2
 Stab: Sleeping          |     1 |       |       ||     1
  Eat: Chunk             |     4 |     4 |    12 ||    20
